 Dungeon Crawl Stone Soup version 0.30-a0-743-gbfdf073431 (webtiles) character file.

Game seed: 3900628583068640939

659108 rogsnak the Sorcerer (level 27, -14/241 HPs)
             Began as a Naga Earth Elementalist on Jan 24, 2023.
             Was a High Priest of Sif Muna.
             Demolished by an Executioner (18 damage)
             ... in Pandemonium on Feb 6, 2023.
             The game lasted 07:04:22 (77277 turns).

rogsnak the Sorcerer (Naga Earth Elementalist)     Turns: 77277, Time: 07:04:22

Health: -14/241    AC: 35    Str: 15 (16) XL:     27
Magic:  10/55      EV: 12    Int: 33      God:    Sif Muna [*****.]
Gold:   5993       SH: 13    Dex:  9      Spells: 10/76 levels left

rFire   + + +      SeeInvis +    Q - +9 double sword (holy)
rCold   + . .      Faith    .    W - +5 kite shield {rC+ rF+}
rNeg    + + .      Spirit   .    x - +4 ring mail of Zanaob {rN++ Str+3 SInv}
rPois   +          Reflect  .    h - +4 hat "Xostruch" {+Inv Str+3}
rElec   +          Harm     .    J - +2 cloak {rF+}
rCorr   +          Rampage  .    B - +2 pair of gloves {Stlth+}
Will    +++..                    g - +1 barding of Teimn {+Inv Will- MP+9 Dex-4}
Stlth   +                        j - amulet of magic regeneration
HPRegen 0.60/turn                z - ring "Ocsuzi" {rElec rF+ Int+2 Stlth-}
MPRegen 0.74/turn                K - ring "Siag Umi" {Will+ rCorr EV+5 Int+2}

@: channelling, slowed, studying Summonings, very slow
A: AC +9, large, see invisible, deformed body, poison resistance, slowness 2,
spit poison 1, naga tail 2, deterioration 1, low MP 1, noise suppression
}: 6/15 runes: serpentine, barnacled, slimy, silver, abyssal, demonic
a: Spit Poison, Renounce Religion, Evoke Invisibility, Channel Magic, Forget
Spell, Divine Exegesis


You were in Pandemonium.
You worshipped Sif Muna.
Sif Muna was extremely pleased with you.
You visited 10 branches of the dungeon, and saw 48 of its levels.
You visited Pandemonium 1 time, and saw 5 of its levels.
You visited the Abyss 1 time.
You visited 1 bazaar.
You also visited: Trove, Ice Cave, Volcano, Wizlab and Desolation.

You collected 8360 gold pieces.
You spent 2367 gold pieces at shops.

Inventory:

Hand Weapons
 G - the +6 Majin-Bo {spellvamp, MP+6 Int+6}
   (You took it off a deep elf high priest on level 3 of the Elven Halls)

   Int:       It affects your intelligence (+6).
   MP:        It affects your magic capacity (+6).
 N - a +9 demon whip of electrocution
 Q - a +9 double sword of holy wrath (weapon)
 R - the +9 falchion of Teghyudo {freeze, rElec rC+ MP-9 Str+3}
   (You found it on level 3 of the Lair of Beasts)

   Str:       It affects your strength (+3).
   rC:        It protects you from cold.
   rElec:     It insulates you from electricity.
   MP:        It affects your magic capacity (-9).
Armour
 c - the +0 ice dragon scales of Noadys {*Slow rF- rC++ rN+++ rCorr Int+2}
   (You took it off a deep elf master archer on level 3 of the Elven Halls)

   Int:       It affects your intelligence (+2).
   rF:        It makes you vulnerable to fire.
   rC:        It greatly protects you from cold.
   rN:        It renders you almost immune to negative energy.
   rCorr:     It protects you from acid and corrosion.
   *Slow:     It may slow you when you take damage.
 g - the +1 barding of Teimn (worn) {+Inv Will- MP+9 Dex-4}
   (You acquired it on level 12 of the Dungeon)

   Dex:       It affects your dexterity (-4).
   MP:        It affects your magic capacity (+9).
   +Inv:      It lets you turn invisible.
   Will:      It decreases your willpower.
 h - the +4 hat "Xostruch" (worn) {+Inv Str+3}
   (You found it on level 12 of the Dungeon)

   Str:       It affects your strength (+3).
   +Inv:      It lets you turn invisible.
 x - the +4 ring mail of Zanaob (worn) {rN++ Str+3 SInv}
   (You found it in Pandemonium)

   Str:       It affects your strength (+3).
   rN:        It greatly protects you from negative energy.
   SInv:      It lets you see invisible.
 B - a +2 pair of gloves of stealth (worn)
 F - a +3 ring mail of fire resistance
 J - a +2 cloak of fire resistance (worn)
 O - the +2 hat of the Comet {Int+3}
   (You acquired it on level 2 of the Depths)

   Int:       It affects your intelligence (+3).
 W - a +5 kite shield of resistance (worn)
Magical Staves
 A - a staff of earth
Jewellery
 j - an amulet of magic regeneration (around neck)
 n - the amulet of Veg Fof {Reflect Rampage rF+ SH+5}
   (You found it in the Desolation of Salt)

   [amulet of reflection]

   It reflects blocked missile attacks.
   rF:        It protects you from fire.
   SH:        It affects your SH (+5).
   Rampage:   It bestows one free step when moving towards enemies.
 p - the ring "Negiut" {rC+ Dex+2}
   (You took it off an imperial myrmidon in the Desolation of Salt)

   [ring of protection from cold]

   Dex:       It affects your dexterity (+2).
   rC:        It protects you from cold.
 y - the ring "Emiasaki" {rCorr Int+3 Dex+4}
   (You took it off a deep elf high priest on level 3 of the Elven Halls)

   [ring of resist corrosion]

   Int:       It affects your intelligence (+3).
   Dex:       It affects your dexterity (+4).
   rCorr:     It protects you from acid and corrosion.
 z - the ring "Ocsuzi" (left hand) {rElec rF+ Int+2 Stlth-}
   (You found it in the Desolation of Salt)

   [ring of protection from fire]

   Int:       It affects your intelligence (+2).
   rF:        It protects you from fire.
   rElec:     It insulates you from electricity.
   Stlth:     It makes you less stealthy.
 D - a ring of magical power
 K - the ring "Siag Umi" (right hand) {Will+ rCorr EV+5 Int+2}
   (You found it in the Desolation of Salt)

   [ring of evasion]

   EV:        It affects your evasion (+5).
   Int:       It affects your intelligence (+2).
   rCorr:     It protects you from acid and corrosion.
   Will:      It increases your willpower.
 U - the ring of Daugal {Fly rElec rN+ Str+6 Int-3}
   (You took it off an ironbound convoker on level 4 of the Vaults)

   [ring of strength]

   Str:       It affects your strength (+6).
   Int:       It affects your intelligence (-3).
   rElec:     It insulates you from electricity.
   rN:        It protects you from negative energy.
   Fly:       It grants you flight.
 Y - the ring of the Grey Skies {rElec Slay+4}
   (You took it off a deep elf knight on level 3 of the Elven Halls)

   [ring of slaying]

   Slay:      It affects your accuracy & damage with ranged weapons and melee
   (+4).
   rElec:     It insulates you from electricity.
 Z - the macabre finger necklace {Finger+ rN+}
   (You found it on level 5 of the Pits of Slime)

   [amulet of nothing]

   Finger+:   It enables you to equip an extra ring.
   rN:        It protects you from negative energy.
Wands
 o - a wand of flame (35)
 q - a wand of quicksilver (14)
 s - a wand of polymorph (29)
 t - a wand of iceblast (50)
 C - a wand of paralysis (47)
Scrolls
 a - 11 scrolls of immolation
 d - 4 scrolls of magic mapping
 i - 18 scrolls of teleportation
 k - 3 scrolls of brand weapon
 l - 8 scrolls of amnesia
 u - 6 scrolls of fear
 v - 12 scrolls of fog
 w - 2 scrolls of summoning
 V - 4 scrolls of blinking
 X - 10 scrolls of poison
Potions
 b - 2 potions of magic
 e - 7 potions of resistance
 f - 5 potions of heal wounds
 m - 17 potions of curing
 r - 7 potions of brilliance
 E - 2 potions of cancellation
 H - 4 potions of invisibility
 L - 9 potions of might
 M - 7 potions of haste
 P - 11 potions of ambrosia
 S - 11 potions of mutation
 T - 6 potions of berserk rage
Miscellaneous
 I - a phantom mirror


   Skills:
 + Level 13.5 Fighting
 - Level 0.8 Polearms
 + Level 0.6 Throwing
 + Level 9.5 Armour
 + Level 8.0 Dodging
 - Level 3.0 Stealth
 + Level 5.7 Shields
 + Level 25.0 Spellcasting
 + Level 23.7 Conjurations
 + Level 7.3 Necromancy
 + Level 0.2 Translocations
 + Level 2.2 Transmutations
 - Level 3.0 Ice Magic
 + Level 2.9 Air Magic
 + Level 25.0 Earth Magic
 - Level 7.0 Invocations
 + Level 1.9 Evocations


You had 10 spell levels left.
You knew the following spells:

 Your Spells              Type           Power      Damage    Failure   Level
a - Sandblast             Erth           100%       2d20      0%          1
b - Stone Arrow           Conj/Erth      100%       3d13      0%          3
c - Passwall              Tmut/Erth      76%        N/A       0%          2
d - Lee's Rapid Deconstr  Erth           58%        3d27*     0%          5
e - Hailstorm             Conj/Ice       92%        3d18      1%          3
f - Borgnjor's Vile Clut  Necr/Erth      49%        N/A       1%          5
g - Iron Shot             Conj/Erth      58%        9d11      0%          6
h - Iskenderun's Battles  Conj           100%       2d15      0%          5
i - Statue Form           Tmut/Erth      61%        N/A       1%          6
j - Blink                 Tloc           84%        N/A       3%          2
k - Freezing Cloud        Conj/Ice/Air   41%        6-21      1%          5
l - Shatter               Erth           58%        3d44*     9%          9
m - Lehudib's Crystal Sp  Conj/Erth      58%        10d13     1%          8
n - Death Channel         Necr           37%        N/A       17%         6

Your spell library contained the following spells:

 Spells                   Type           Power      Damage    Failure   Level
 Kiss of Death            Conj/Necr      100%       2d13      0%          1
 Magic Dart               Conj           100%       1d8       0%          1
 Shock                    Conj/Air       100%       1d9       0%          1
 Searing Ray              Conj           100%       2d8       0%          2
 Static Discharge         Conj/Air       100%       2-7/arc   0%          2
 Foxfire                  Conj/Fire      100%       2x1d9     1%          1
 Freeze                   Ice            100%       1d10      1%          1
 Necrotise                Necr           100%       1d9       1%          1
 Sting                    Tmut/Pois      100%       1d8       1%          1
 Cigotuvi's Dreadful Rot  Necr/Pois/Air  100%       N/A       1%          2
 Ensorcelled Hibernation  Hex/Ice        100%       N/A       1%          2
 Momentum Strike          Conj/Tloc      100%       3d10      1%          2
 Poisonous Vapours        Pois/Air       100%       N/A       1%          2
 Sublimation of Blood     Necr           74%        N/A       1%          2
 Wereblood                Tmut           54%        N/A       1%          2
 Dazzling Flash           Conj/Hex       100%       N/A       1%          3
 Frozen Ramparts          Ice            100%       1d16      1%          3
 Mephitic Cloud           Conj/Pois/Air  79%        N/A       1%          3
 Ozocubu's Armour         Ice            57%        N/A       1%          3
 Swiftness                Air            57%        N/A       1%          3
 Vampiric Draining        Necr           74%        2d11      1%          3
 Animate Armour           Summ/Erth      100%       N/A       1%          4
 Animate Dead             Necr           74%        N/A       1%          4
 Dispel Undead            Necr           74%        3d25      1%          4
 Flame Wave               Conj/Fire      88%        2d19      1%          4
 Fulminant Prism          Conj/Hex       44%        3d19      1%          4
 Iskenderun's Mystic Bla  Conj/Tloc      88%        2d17      1%          4
 Leda's Liquefaction      Hex/Erth       44%        N/A       1%          4
 Petrify                  Tmut/Erth      92%        N/A       1%          4
 Sticky Flame             Conj/Fire      88%        2d10      1%          4
 Arcjolt                  Conj/Air       46%        1d56      1%          5
 Fireball                 Conj/Fire      44%        3d18      1%          5
 Irradiate                Conj/Tmut      45%        3d26      1%          5
 Lightning Bolt           Conj/Air       46%        1d66      1%          5
 Conjure Ball Lightning   Conj/Air       46%        3x3d16    1%          6
 Orb of Destruction       Conj           57%        9d14      1%          7
 Starburst                Conj/Fire      44%        6d12      2%          6
 Call Imp                 Summ           41%        N/A       3%          2
 Lesser Beckoning         Tloc           84%        N/A       3%          2
 Scorch                   Fire           82%        2d9       3%          2
 Vhi's Electric Charge    Tloc/Air       100%       N/A       3%          3
 Agony                    Necr           74%        N/A       3%          5
 Ignite Poison            Fire/Tmut/Pois 46%        N/A       4%          3
 Kindle Blastsparks       Fire/Tloc/Air  96%        2d18      4%          3
 Spider Form              Tmut/Pois      48%        N/A       4%          3
 Anguish                  Hex/Necr       30%        N/A       4%          4
 Gell's Gravitas          Tloc           42%        N/A       6%          3
 Teleport Other           Tloc           42%        N/A       6%          3
 Call Canine Familiar     Summ           41%        N/A       7%          3
 Confusing Touch          Hex            41%        N/A       7%          3
 Inner Flame              Hex/Fire       41%        N/A       7%          3
 Portal Projectile        Hex/Tloc       84%        N/A       7%          3
 Summon Guardian Golem    Hex/Summ       41%        N/A       7%          3
 Tukima's Dance           Hex            41%        N/A       7%          3
 Airstrike                Air            28%        2d(5-21)  7%          4
 Ice Form                 Ice/Tmut       56%        N/A       8%          4
 Summon Ice Beast         Ice/Summ       50%        N/A       12%         4
 Summon Lightning Spire   Summ/Air       50%        N/A       13%         4
 Spellforged Servitor     Conj/Summ      44%        N/A       16%         7
 Cause Fear               Hex            20%        N/A       22%         4
 Olgreb's Toxic Radiance  Pois           41%        N/A       22%         4
 Passage of Golubria      Tloc           42%        N/A       22%         4
 Blade Hands              Tmut           27%        N/A       26%         5
 Metabolic Englaciation   Hex/Ice        25%        N/A       34%         5
 Silence                  Hex/Air        25%        N/A       34%         5
 Yara's Violent Unravell  Hex/Tmut       24%        3d11      38%         5
 Simulacrum               Ice/Necr       33%        N/A       38%         6
 Summon Forest            Summ/Tloc      21%        N/A       52%         5
 Summon Mana Viper        Hex/Summ       41%        N/A       54%         5
 Eringya's Noxious Bog    Tmut/Pois      24%        N/A       92%         6
 Dispersal                Tloc           21%        N/A       97%         6
 Summon Cactus Giant      Summ           20%        N/A       98%         6
 Haunt                    Necr/Summ      30%        N/A       99%         7
 Dragon Form              Tmut           27%        N/A       100%        7
 Malign Gateway           Summ/Tloc      21%        N/A       100%        7
 Monstrous Menagerie      Summ           20%        N/A       100%        7
 Storm Form               Tmut/Air       27%        N/A       100%        7
 Summon Hydra             Summ           20%        N/A       100%        7
 Borgnjor's Revivificati  Necr           37%        N/A       100%        8
 Discord                  Hex            20%        N/A       100%        8
 Disjunction              Tloc           21%        N/A       100%        8
 Ignition                 Fire           20%        3d7       100%        8
 Infestation              Necr           37%        N/A       100%        8
 Maxwell's Capacitive Co  Air            28%        ∞         100%        8
 Necromutation            Tmut/Necr      32%        N/A       100%        8
 Summon Horrible Things   Summ           20%        N/A       100%        8
 Chain Lightning          Conj/Air       46%        3d61      100%        9
 Death's Door             Necr           37%        N/A       100%        9
 Dragon's Call            Summ           20%        N/A       100%        9
 Fire Storm               Conj/Fire      44%        8d11      100%        9
 Polar Vortex             Ice            28%        N/A       100%        9


Dungeon Overview and Level Annotations

Branches:
Dungeon (15/15)            Temple (1/1) D:5            Lair (5/5) D:10
 Shoals (4/4) Lair:2        Snake (4/4) Lair:2        Slime (5/5) Lair:5
    Orc (2/2) D:11            Elf (3/3) Orc:2        Vaults (5/5) D:13
  Crypt (0/3) Vaults:3     Depths (4/4) D:15            Zot (0/5) Depths:4
  IceCv (visited)         Volcano (visited)          WizLab (visited)
Desolation (visited)

Altars:
Ashenzari
Cheibriados
Dithmenos
Elyvilon
Fedhas
Gozag
Hepliaklqana
Kikubaaqudgha
Makhleb
Nemelex Xobeh
Okawaru
Qazlal
Ru
Sif Muna
Trog
Uskayaw
Vehumet
Wu Jian
Xom
Yredelemnul
Zin
The Shining One
Jiyva

Shops:
D:6 (   D:14 [   Orc:2 [(![   Elf:3 ***   Shoals:4 [   Snake:2 :=:*(
Vaults:2 [   Vaults:3 *

Portals:
Hell: Depths:1 Depths:2 Depths:3 Depths:4
Abyss: Depths:1 Depths:2 Depths:3
Pandemonium: Depths:1 Depths:2
Ziggurat: Depths:1

Annotations:
Elf:1 3 transporters


Innate Abilities, Weirdness & Mutations

Your serpentine skin is tough. (AC +9)
You have supernaturally acute eyesight. (SInv)
Armour fits poorly on your strangely shaped body.
Your system is resistant to poisons. (rPois)
You cover ground very slowly.
You can spit poison.
You can use your snake-like lower body to constrict enemies.
Your body sometimes deteriorates upon taking damage.
Your magical capacity is low. (-10% MP)
You passively dampen the noise of your surroundings.


Message History

Casting: Lee's Rapid Deconstruction (safe; 0% risk of failure)
Confirm with . or Enter, or press ? or * to list all spells.
Aiming: Iron Shot (safe; 0% risk of failure)
Press: ? - help, Shift-Dir - straight line, f/p - titan skeleton
Aim: a titan skeleton (lightly damaged, 100% to hit)
Okay, then.
Casting: Iron Shot (safe; 0% risk of failure)
Confirm with . or Enter, or press ? or * to list all spells.
Aiming: Lee's Rapid Deconstruction (safe; 0% risk of failure)
Press: ? - help, Dir - move target, f/p - titan skeleton Fragment what (e.g. wall or brittle monster)?: a titan skeleton (lightly damaged)
An open door.
The titan skeleton shatters!!!
The titan skeleton is heavily damaged.
The blast of bone shards hits the Executioner!!!
The Executioner is severely wounded.
The blast of bone shards hits the Executioner!!!
The Executioner is heavily wounded.
The Executioner barely misses you. x2; The Executioner completely misses you.
You block the Executioner's attack.
The Executioner hits you but does no damage.
The Executioner closely misses you. You block the Executioner's attack. x2
The Executioner hits you but does no damage. x2
You block the Executioner's attack. The Executioner barely misses you.
The Executioner hits you!!
* * * LOW HITPOINT WARNING * * *
The Executioner hits you but does no damage. x2
Unknown command.
Unknown command.
Unknown command.
Unknown command.
The Executioner hits you!
* * * LOW HITPOINT WARNING * * *
You block the Executioner's attack. x2
The Executioner hits you but does no damage.
The Executioner hits you.
* * * LOW HITPOINT WARNING * * *
The Executioner hits you but does no damage.
The Executioner hits you!!
You die...

#........
'........
#........
#.?.....#########
#....Z..'.......#
#.......#.......#
#.......#.......#
#.......#1@.....#
.......Z'1......#
........#.......#
#####...#.......#
#...#.......#
#...#.......#
...#
#...#########
...# #......
...########......


You could see 2 Executioners and a titan skeleton.

Vanquished Creatures
  the Royal Jelly (Slime:5)
  Ignacio (Pan)
  Gloorx Vloq (Pan)
  Mara (Shoals:3)
  2 ancient liches (Vaults:5)
  Bai Suzhen (Depths:1)
  A royal mummy (WizLab)
  Margery (Vaults:3)
  Saint Roka (Elf:2)
  A golden dragon (Depths:4)
  Nikola (Snake:2)
  2 pandemonium lords (Pan)
  2 bone dragons
  A Brimstone Fiend (Pan)
  The ghost of Herac the Fencer, a veteran TeWr of Yredelemnul (Depths:4)
  3 Tzitzimimeh
  A Hell Sentinel (Pan)
  Rupert (D:14)
  3 tentacled monstrosities
  3 deep elf blademasters
  2 Ice Fiends (Pan)
  3 quicksilver dragons
  2 liches
  2 deep elf master archers (Elf:3)
  3 titans
  2 tentacled starspawn
  20 acid blobs
  6 Executioners
  Frances (Snake:2)
  3 sphinxes
  Roxanne (D:14)
  3 storm dragons
  5 tengu reavers
  Polyphemus (Shoals:2)
  Donald (Shoals:2)
  2 shadow dragons
  6 azure jellies
  11 nagarajas
  The ghost of Ceh Rif the Protected, an adept HuWn of Gozag (D:15)
  The ghost of whiskeysaurus the Spry, an adept DjCj of Hepliaklqana (Shoals:4)
  7 rockslimes
  Aizul (Snake:4)
  4 fire giants (Vaults:5)
  6 deep elf sorcerers
  3 demonspawn warmongers (Pan)
  A fire giant (shapeshifter) (Vaults:5)
  2 imperial myrmidons (Desolation)
  2 frost giants
  20 vault wardens
  2 iron dragons
  9 balrugs
  5 deep elf elementalists (Elf:3)
  A ghoul (Vaults:3)
  A spriggan defender (Depths:3)
  17 very ugly things
  An orc warlord (Vaults:2)
  6 quicksilver oozes
  A draconian annihilator (Depths:4)
  13 demonspawn blood saints (Pan)
  2 juggernaut skeletons
  9 cacodemons
  8 demonspawn corrupters (Pan)
  9 ironbound thunderhulks
  A vampire knight (Depths:1)
  8 stone giants
  17 reapers
  17 ironbound preservers
  3 war gargoyles
  7 deep elf annihilators
  A demonspawn black sun (Pan)
  27 dire elephants
  2 purple draconians
  7 lorocyprocas (Pan)
  8 deep elf demonologists
  3 halazid warlocks (Desolation)
  2 yellow draconians
  A minotaur (Lair:3)
  4 starcursed masses
  2 white draconians (Depths:4)
  10 ettins
  An ettin (shapeshifter) (Vaults:5)
  17 blizzard demons (Pan)
  A crystal guardian (Vaults:4)
  2 merfolk javelineers (Shoals:4)
  7 deep elf death magi
  3 green deaths
  2 mummy priests (WizLab)
  12 merfolk impalers
  A quicksilver dragon zombie (Depths:3)
  An entropy weaver (Vaults:3)
  8 great orbs of eyes
  14 yaktaur captains
  36 vault guards
  5 deep elf high priests
  A spriggan zombie (WizLab)
  4 fire dragons
  5 ragged hierophants (Desolation)
  2 hell beasts
  7 peacekeepers
  2 rakshasas (Depths:1)
  11 servants of whispers (Desolation)
  4 merfolk aquamancers
  4 merfolk avatars
  3 hydras
  11 anacondas
  A salamander tyrant (Snake:2)
  3 boulder beetles
  4 spriggan air magi
  5 ice dragons
  3 ogre magi
  18 two-headed ogres
  2 alligator snapping turtles
  12 ironbound frosthearts
  14 naga warriors
  A catoblepas (Shoals:2)
  15 centaur warriors
  20 dancing weapons (Elf:2)
  2 deep troll shamans
  5 deep troll earth magi
  A satyr (shapeshifter) (Vaults:5)
  4 tengu warriors
  12 naga sharpshooters
  3 orc high priests (Orc:2)
  5 hell hogs
  3 death yaks (Shoals:2)
  2 vampire magi (Vaults:3)
  4 thrashing horrors (Abyss:5)
  5 shock serpents
  30 sun demons
  4 spriggan berserkers
  Sonja (Lair:3)
  4 spriggans (Depths:3)
  14 deep elf knights
  6 wretched stars
  6 iron trolls
  17 hell knights
  A shadow wraith (Abyss:4)
  6 skeletal warriors
  6 soul eaters
  A fire crab (shapeshifter) (Vaults:5)
  3 salamander mystics
  8 sixfirhies
  A flayed ghost (Depths:4)
  A goliath frog (shapeshifter) (Vaults:4)
  9 shadow demons (Pan)
  25 sea snakes
  60 deep trolls
  13 naga ritualists
  A spatial maelstrom (Abyss:4)
  2 glowing orange brains (Slime:5)
  2 tengu zombies
  5 wizards
  Pikel (D:7)
  13 deep elf archers
  6 lindwurms
  A spriggan simulacrum (Depths:2)
  2 shadow dragon zombies (WizLab)
  27 deep elf zephyrmancers
  19 ironbound convokers
  8 orc knights
  4 phantasmal warriors (Vaults:5)
  An iron dragon zombie (Depths:1)
  A stone giant zombie (WizLab)
  10 necromancers
  30 deep elf pyromancers
  13 harpies
  A will-o-the-wisp (Abyss:1)
  3 human zombies
  A wolf spider (Vaults:5)
  A sphinx skeleton (Depths:3)
  6 cyclopes
  7 orc sorcerers
  8 shining eyes
  A frost giant zombie (WizLab)
  15 manticores
  14 salamanders
  39 ugly things
  15 mana vipers
  9 fauns
  A fire giant zombie (WizLab)
  A tengu skeleton (Depths:2)
  9 elephants (Lair:4)
  A worldbinder (Abyss:4)
  3 stone giant skeletons
  47 black mambas
  22 vault sentinels
  2 demonspawn zombies (WizLab)
  5 water nymphs
  7 merfolk sirens
  3 ice statues
  An eye of devastation (Slime:4)
  A molten gargoyle (Desolation)
  2 rust devils
  9 orange demons
  15 guardian serpents
  17 naga magi
  An apocalypse crab (Abyss:1)
  5 cane toads
  53 smoke demons
  8 demonic crawlers (Pan)
  A cane toad (shapeshifter) (Elf:2)
  A gargoyle (D:11)
  2 elf zombies
  A torpor snail (Lair:3)
  A rime drake (shapeshifter) (D:15)
  7 komodo dragons
  2 hellions
  2 unseen horrors
  2 kobold demonologists (D:10)
  5 rime drakes
  11 tormentors (Pan)
  An efreet (Abyss:2)
  2 ice devils
  Psyche (D:8)
  49 yaktaurs
  2 freezing wraiths (Vaults:5)
  A yaktaur skeleton (Vaults:2)
  A red devil (D:9)
  2 tengu conjurers
  4 ancient zymes (Abyss:4)
  24 merfolk
  8 hellwings (Pan)
  2 meliai (D:15)
  3 guardian mummies (WizLab)
  11 polar bears
  3 trolls
  A queen bee (D:15)
  8 hornets
  A snapping turtle (shapeshifter) (Depths:3)
  4 wind drakes
  68 saltlings (Desolation)
  A harpy skeleton (Pan)
  26 raiju
  A fire giant simulacrum (Vaults:2)
  6 snapping turtles
  22 dream sheep
  Grinder (D:5)
  104 slime creatures
  9 blink frogs
  An iron dragon simulacrum (Depths:1)
  A stone giant simulacrum (Depths:1)
  43 large abominations
  A slime creature (shapeshifter) (Depths:4)
  An air elemental (Elf:2)
  3 flying skulls (Abyss:5)
  3 shadows
  2 vampires (D:12)
  17 ynoxinuls (Pan)
  A yak (shapeshifter) (D:13)
  A dire elephant simulacrum (IceCv)
  2 wraiths
  37 yaks
  A black mamba skeleton (Pan)
  3 wyverns
  A fire elemental (Elf:3)
  3 fire bats (Lair:5)
  A golden eye (Abyss:5)
  10 water elementals
  8 basilisks
  6 neqoxecs
  8 chaos spawn
  A steam dragon (D:10)
  4 vampire mosquitoes (D:13)
  37 nagas
  A glowing shapeshifter zombie (Vaults:2)
  11 wargs
  A warg (shapeshifter) (Vaults:4)
  4 acid dragons
  7 water moccasins
  A floating eye (Abyss:5)
  A floating eye (shapeshifter) (D:14)
  5 swamp worms (D:12)
  Duvessa (D:5)
  A glowing shapeshifter skeleton (Depths:3)
  16 hell hounds
  A human skeleton (Depths:3)
  25 orc warriors
  A deep troll simulacrum (Vaults:2)
  13 ogres
  3 ice beasts
  13 black bears
  15 centaurs
  3 boggarts (D:14)
  29 wolves
  2 lemures (D:7)
  A phantom (D:6)
  2 kobold brigands
  16 bullfrogs
  A necrophage (D:5)
  A gnoll sergeant (D:9)
  3 scorpions
  3 earth elementals
  4 wights (D:6)
  Dowan (D:5)
  19 killer bees
  An elephant simulacrum (IceCv)
  A howler monkey (D:8)
  3 quasits
  2 hounds (D:5)
  An iron imp (Pan)
  3 jellies
  15 orc priests
  Crazy Yiuf (D:7)
  An iguana (D:4)
  Jessica (D:3)
  23 small abominations
  11 orc wizards
  2 wolf simulacra (IceCv)
  A hound zombie (D:3)
  10 gnolls
  7 adders
  3 shadow imps
  5 white imps
  3 worms
  2 dart slugs
  65 orcs
  9 ball pythons
  6 bats
  6 endoplasms
  3 giant cockroaches
  4 goblins
  7 hobgoblins
  5 jackals
  12 kobolds
  2 quokkas
  3 training dummies (D:6)
  A ball python zombie (D:3)
  2 frilled lizards (D:2)
  A giant cockroach zombie (D:3)
  5 rats
  2 pillars of salt (Vaults:4)
  4 starspawn tentacles
2393 creatures vanquished.

Vanquished Creatures (collateral kills)
  An Executioner (Pan)
  2 blizzard demons (Pan)
  Urug (D:10)
  3 soul eaters (Pan)
  A large abomination (Pan)
  A smoke demon (Pan)
  An orange demon (Pan)
  A hellwing (Pan)
  A ynoxinul (Pan)
12 creatures vanquished.

Vanquished Creatures (others)
  4 deep elf zephyrmancers
  A fire elemental (Elf:2)
  A naga (Snake:2)
  A small abomination (Abyss:5)
  A quokka (Depths:1)
  A briar patch (D:12)
  A bush (Lair:4)
  4 demonic plants (D:9)
  25 fungi
  169 plants
  2 starspawn tentacles
  15 tentacles (Shoals:1)
  5 withered plants (Desolation)
230 creatures vanquished.

Grand Total: 2635 creatures vanquished

Notes
Turn   | Place    | Note
-------+----------+-------------------------------------------
     0 | D:1      | rogsnak the Naga Earth Elementalist began the quest for the
                  | Orb.
     0 | D:1      | Reached XP level 1. HP: 15/15 MP: 3/3
   164 | D:1      | Reached XP level 2. HP: 22/22 MP: 5/5
   273 | D:1      | Found a faded altar of an unknown god.
   817 | D:2      | Reached XP level 3. HP: 23/28 MP: 4/6
  1246 | D:2      | Learned a level 3 spell: Stone Arrow
  1318 | D:2      | Reached XP level 4. HP: 35/36 MP: 2/7
  1620 | D:3      | Found a basalt altar of Yredelemnul.
  1719 | D:3      | Noticed Jessica
  1722 | D:3      | Killed Jessica
  1723 | D:3      | Reached skill level 1 in Conjurations
  1764 | D:3      | Reached XP level 5. HP: 43/43 MP: 7/9
  1795 | D:3      | Learned a level 2 spell: Passwall
  2064 | D:3      | Found a blossoming altar of Fedhas.
  2554 | D:4      | Found a stormy altar of Qazlal.
  2615 | D:4      | Found an opulent altar of Gozag.
  2616 | D:4      | Found a white marble altar of Elyvilon.
  3319 | D:4      | Reached XP level 6. HP: 11/50 MP: 5/11
  3706 | D:4      | Reached skill level 5 in Earth Magic
  3808 | D:5      | Entered Level 5 of the Dungeon
  3894 | D:5      | Found a staircase to the Ecumenical Temple.
  3899 | D:5      | Noticed Grinder
  3903 | Temple   | Entered the Ecumenical Temple
  4005 | D:5      | Paralysed by Grinder for 5 turns
  4015 | D:5      | Killed Grinder
  4016 | D:5      | Reached XP level 7. HP: 47/56 MP: 8/13
  4048 | D:5      | Noticed Duvessa
  4052 | D:5      | Noticed Dowan
  4134 | D:5      | Killed Dowan
  4210 | D:5      | Reached skill level 5 in Spellcasting
  4311 | D:5      | Killed Duvessa
  4312 | D:5      | Reached XP level 8. HP: 49/63 MP: 4/16
  5156 | D:6      | Reached skill level 1 in Fighting
  5229 | D:6      | Found a shimmering blue altar of Sif Muna.
  5286 | D:6      | Became a worshipper of Sif Muna the Loreminder
  5411 | D:6      | Found a sparkling altar of Nemelex Xobeh.
  5906 | D:6      | Reached XP level 9. HP: 47/70 MP: 14/18
  6019 | D:6      | Found Ekash's Firing Range.
  6794 | D:7      | Noticed Pikel
  6806 | D:7      | Killed Pikel
  6806 | D:7      | Reached * piety under Sif Muna
  6807 | D:7      | Reached skill level 5 in Conjurations
  7201 | D:7      | Found a runed translucent door.
  7202 | D:7      | Noticed Crazy Yiuf
  7207 | D:7      | Killed Crazy Yiuf
  7427 | D:8      | Noticed a komodo dragon
  7435 | D:8      | Killed a komodo dragon
  7530 | D:8      | Noticed a two-headed ogre
  7545 | D:8      | Killed a two-headed ogre
  7546 | D:8      | Reached XP level 10. HP: 80/80 MP: 12/22
  7640 | D:8      | Learned a level 5 spell: Lee's Rapid Deconstruction
  8244 | D:9      | Noticed Psyche
  8245 | D:9      | Noticed a two-headed ogre
  8424 | D:9      | Noticed a sixfirhy
  8484 | D:8      | Killed a two-headed ogre
  8621 | D:8      | Killed Psyche
  8974 | D:9      | Noticed a two-headed ogre
  8982 | D:9      | Killed a two-headed ogre
  9141 | D:9      | Killed a sixfirhy
  9142 | D:9      | Reached XP level 11. HP: 81/88 MP: 14/24
  9234 | D:9      | Reached ** piety under Sif Muna
  9248 | D:9      | Found a radiant altar of Vehumet.
  9251 | D:9      | Reached skill level 10 in Earth Magic
  9723 | D:10     | Entered Level 10 of the Dungeon
  9737 | D:10     | Noticed Urug
  9746 | D:10     | Killed Urug
 10326 | D:10     | Noticed a two-headed ogre
 10349 | D:10     | Killed a two-headed ogre
 10553 | D:10     | Reached skill level 10 in Spellcasting
 10874 | D:10     | Found a staircase to the Lair.
 11263 | D:10     | Reached skill level 1 in Armour
 11466 | D:10     | Noticed a soul eater
 11474 | D:10     | Reached *** piety under Sif Muna
 11649 | D:10     | Noticed a purple ugly thing
 11659 | D:10     | Killed a purple ugly thing
 11724 | D:10     | Reached XP level 12. HP: 97/97 MP: 11/26
 12576 | D:10     | Noticed a centaur warrior
 12576 | D:10     | Noticed a centaur warrior
 12584 | D:10     | Killed a centaur warrior
 12585 | D:10     | Killed a centaur warrior
 13110 | D:11     | Got the Verses on Ill Luck
 13454 | D:11     | Found a staircase to the Orcish Mines.
 13615 | D:11     | Found a shimmering altar of Xom.
 14393 | D:12     | Reached skill level 10 in Conjurations
 14766 | D:12     | Found a transporter.
 14826 | D:12     | Found a transporter.
 15390 | D:12     | Noticed a two-headed ogre
 15525 | D:12     | You fall into a shaft and drop 1 floor!
 15662 | D:12     | Killed a two-headed ogre
 15814 | D:12     | Found an opulent altar of Gozag.
 16117 | D:12     | Identified a scroll of acquirement
 16138 | D:12     | Acquired the +1 barding of Teimn {+Inv Will- MP+9 Dex-4}
 16461 | D:12     | Identified the +4 hat "Xostruch" {+Inv Str+3}
 16608 | D:14     | Found Yrecsot's Antique Armour Shoppe.
 16632 | D:13     | Noticed a vault guard
 16632 | D:13     | Noticed a vault guard
 16632 | D:13     | Noticed a vault guard
 16632 | D:13     | Noticed a vault guard
 16747 | Lair:1   | Entered Level 1 of the Lair of Beasts
 16795 | Lair:1   | You fall into a shaft and drop 1 floor!
 16825 | Lair:1   | Gained mutation: You can use your snake-like lower body to
                  | constrict enemies. [Naga growth]
 16825 | Lair:1   | Reached XP level 13. HP: 105/105 MP: 27/28
 16948 | Lair:1   | Found a frozen archway.
 17175 | IceCv    | Entered an ice cave
 17177 | IceCv    | Reached **** piety under Sif Muna
 17284 | IceCv    | Found a transporter.
 17295 | IceCv    | Found a transporter.
 18166 | Lair:1   | Identified the +0 leather armour "Kuiheyr" {rElec rC+}
 18427 | Lair:2   | Found a staircase to the Shoals.
 19244 | Lair:2   | Found a staircase to the Snake Pit.
 19444 | Lair:3   | Upgraded the game from 0.30-a0-715-gdb4ae3ece1 to
                  | 0.30-a0-718-geaa24f58ff
 19444 | Lair:3   | Noticed Sonja
 19462 | Lair:3   | Killed Sonja
 19707 | Lair:3   | Reached skill level 5 in Armour
 19815 | Lair:3   | Found a runed translucent door.
 19943 | Lair:3   | Noticed a minotaur
 19951 | Lair:3   | Killed a minotaur
 20241 | Lair:3   | Identified the +9 falchion of Teghyudo {freeze, rElec rC+
                  | MP-9 Str+3}
 20661 | Lair:4   | Learned a level 3 spell: Hailstorm
 20669 | Lair:4   | Reached ***** piety under Sif Muna
 20689 | Lair:4   | Reached XP level 14. HP: 115/115 MP: 19/30
 20752 | Lair:4   | Received a gift from Sif Muna
 20760 | Lair:4   | Got Sif Muna's Incunabulum of Necrotic Breccia {god gift}
 21525 | Lair:4   | Reached skill level 1 in Evocations
 21535 | Lair:4   | Learned a level 5 spell: Borgnjor's Vile Clutch
 21542 | Lair:4   | Learned a level 6 spell: Iron Shot
 21744 | Lair:5   | Entered Level 5 of the Lair of Beasts
 21748 | Lair:5   | Found a staircase to the Slime Pits.
 21748 | Lair:5   | Found a viscous altar of Jiyva.
 22080 | Lair:5   | Found a dark tunnel.
 22100 | Volcano  | Entered a volcano
 22391 | Lair:5   | Upgraded the game from 0.30-a0-718-geaa24f58ff to
                  | 0.30-a0-719-gcc4359ea44
 22777 | Lair:5   | Reached skill level 5 in Dodging
 23109 | Lair:5   | Reached skill level 1 in Necromancy
 23296 | Lair:5   | Received a gift from Sif Muna
 23297 | Lair:5   | Got Resumaba's Omnibus of Metamorphosis and Diablerie {god
                  | gift}
 23824 | Orc:1    | Entered Level 1 of the Orcish Mines
 24095 | Orc:2    | Entered Level 2 of the Orcish Mines
 24851 | Orc:1    | Reached XP level 15. HP: 121/121 MP: 32/32
 25214 | Orc:2    | Found a staircase to the Elven Halls.
 25457 | Orc:2    | Paralysed by an orc sorcerer for 3 turns
 25740 | Orc:2    | Found Vym Sif's Armour Emporium.
 25740 | Orc:2    | Found Lusioq's Distillery.
 25745 | Orc:2    | Found Jacif's Antique Weapon Shop.
 25745 | Orc:2    | Found Kaxil's Armour Shop.
 25779 | Orc:2    | Bought an ivory morningstar for 279 gold pieces
 25779 | Orc:2    | Identified the +8 morningstar of the Two Names {protect,
                  | rC+ Str-5 Dex+3 Stlth+} (You bought it in a shop on level 2
                  | of the Orcish Mines)
 25785 | Orc:2    | Bought an encrusted trident for 263 gold pieces
 25785 | Orc:2    | Identified the +8 trident of Neraho Ylosh {spect, rPois rF+
                  | Int+2 Dex-4} (You bought it in a shop on level 2 of the
                  | Orcish Mines)
 25800 | Orc:2    | Bought a +1 pair of gloves of stealth for 280 gold pieces
 26152 | Snake:1  | Entered Level 1 of the Snake Pit
 26542 | Snake:1  | Received a gift from Sif Muna
 27286 | Snake:1  | Reached skill level 15 in Earth Magic
 28169 | Snake:2  | Noticed a nagaraja
 28266 | Snake:2  | Reached skill level 5 in Fighting
 28266 | Snake:2  | Reached XP level 16. HP: 132/132 MP: 34/34
 28292 | Snake:2  | Killed a nagaraja
 28383 | Snake:2  | Noticed a nagaraja
 28388 | Snake:2  | Killed a nagaraja
 28457 | Snake:2  | Found a blossoming altar of Fedhas.
 28579 | Snake:2  | Noticed Frances
 28594 | Snake:2  | Killed Frances
 28815 | Snake:1  | Upgraded the game from 0.30-a0-719-gcc4359ea44 to
                  | 0.30-a0-723-gc1506a1cf0
 28908 | Snake:2  | Reached XP level 17. HP: 138/138 MP: 23/35
 29307 | Snake:2  | Found Miash's Antique Weapon Emporium.
 29344 | Snake:2  | Found Aneaquome's General Store.
 29400 | Snake:2  | Received a gift from Sif Muna
 29401 | Snake:2  | Got Sif Muna's Commentary on the Twinkling Volley {god
                  | gift}
 29483 | Snake:2  | Found Oful's Book Shoppe.
 29484 | Snake:2  | Found Syghob's Jewellery Boutique.
 29485 | Snake:2  | Found Deetyxt's Book Shoppe.
 29792 | Snake:2  | Noticed Nikola
 29804 | Snake:2  | Killed Nikola
 30424 | Snake:3  | Reached skill level 15 in Spellcasting
 30544 | Snake:3  | Identified the +4 sling "Oxemmerr" {drain, Int+3}
 30692 | Snake:3  | Found a runed translucent door.
 30693 | Snake:3  | Identified the +6 mace "Tormentor" {vamp, Int-4 Dex+5}
 31337 | Snake:4  | Entered Level 4 of the Snake Pit
 31342 | Snake:4  | Noticed Aizul
 31807 | Snake:4  | Reached skill level 15 in Conjurations
 31886 | Snake:4  | Killed Aizul
 32283 | Snake:4  | Reached skill level 1 in Shields
 32846 | Snake:4  | Found a shadowy altar of Dithmenos.
 33117 | Snake:4  | Received a gift from Sif Muna
 33221 | Snake:4  | Reached XP level 18. HP: 94/147 MP: 21/37
 34195 | Snake:4  | Got a serpentine rune of Zot
 34746 | Shoals:1 | Entered Level 1 of the Shoals
 35234 | Shoals:1 | Received a gift from Sif Muna
 35235 | Shoals:1 | Got Sif Muna's Grimoire of Shocking Power {god gift}
 35247 | Shoals:1 | Learned a level 5 spell: Iskenderun's Battlesphere
 36310 | Shoals:2 | Noticed Donald
 36316 | Shoals:2 | Killed Donald
 36554 | Shoals:2 | Noticed Polyphemus
 36567 | Shoals:2 | Killed Polyphemus
 37638 | Shoals:3 | Reached XP level 19. HP: 150/154 MP: 39/39
 37790 | Shoals:4 | Entered Level 4 of the Shoals
 37805 | Shoals:3 | Noticed Mara
 37822 | Shoals:3 | Killed Mara
 37823 | Shoals:3 | Reached skill level 5 in Necromancy
 37988 | Shoals:4 | Noticed whiskeysaurus's ghost (adept DjCj)
 37988 | Shoals:4 | Found a runed translucent gate.
 37988 | Shoals:4 | Found a runed translucent gate.
 37988 | Shoals:4 | Found a runed translucent gate.
 38114 | Shoals:4 | Killed whiskeysaurus's ghost
 38179 | Shoals:3 | Learned a level 6 spell: Statue Form
 38422 | Shoals:4 | Received a gift from Sif Muna
 38785 | Shoals:4 | Found Louret's Armour Emporium.
 39132 | Shoals:4 | Identified the ring of Zabis {rPois Str+2 Slay+4}
 39376 | Shoals:4 | Got a barnacled rune of Zot
 39838 | Elf:1    | Entered Level 1 of the Elven Halls
 40314 | Elf:1    | Found a flickering gateway to a bazaar.
 40325 | Bazaar   | Entered a bazaar
 40327 | Bazaar   | Found Wienyah's Antique Armour Boutique.
 40331 | Bazaar   | Found Kodutiqe's Assorted Antiques.
 40331 | Bazaar   | Found Padweam's Book Boutique.
 40331 | Bazaar   | Found Luoc's Jewellery Boutique.
 40355 | Bazaar   | Bought a manual of Summonings for 880 gold pieces
 40734 | Elf:1    | Found a transporter.
 40745 | Elf:1    | Found a transporter.
 40858 | Elf:1    | Got Reivao's Teachings on the Swarm
 41096 | Elf:1    | Found a transporter.
 41099 | Elf:1    | Found a transporter.
 41110 | Elf:1    | Found a transporter.
 41110 | Elf:1    | Found a transporter.
 41495 | Elf:2    | Noticed Saint Roka
 41644 | Elf:2    | Received a gift from Sif Muna
 41746 | Elf:2    | Got Sif Muna's Disquisition on the Xenolith {god gift}
 41754 | Elf:2    | Identified the +1 robe of the Everdark {Dex+2}
 41808 | Elf:2    | Killed Saint Roka
 41931 | Elf:2    | Paralysed by an air elemental for 1 turns
 42057 | Elf:3    | Entered Level 3 of the Elven Halls
 42189 | Elf:2    | Identified the +2 ring mail of Mobianun {rPois}
 42517 | Elf:2    | Reached XP level 20. HP: 161/162 MP: 42/42
 42520 | Elf:2    | Found a runed translucent gate.
 42539 | Elf:2    | Found a runed translucent gate.
 42539 | Elf:2    | Found a runed translucent gate.
 43214 | Elf:3    | Found Juuch's Specific Store.
 43216 | Elf:3    | Found Ecrirrups's General Store.
 43350 | Elf:3    | Identified the ring of the Grey Skies {rElec Slay+4}
 43754 | Elf:3    | Found Dorrum's Assorted Antiques.
 43762 | Elf:3    | Bought a scroll of teleportation for 108 gold pieces
 43864 | Elf:3    | Received a gift from Sif Muna
 43865 | Elf:3    | Got Sif Muna's Folio of Necromancy {god gift}
 43963 | Elf:3    | Identified the +0 ice dragon scales of Noadys {*Slow rF-
                  | rC++ rN+++ rCorr Int+2}
 44444 | Elf:3    | Identified the +1 ring mail of the Hippo {Str+4 Dex+3}
 44578 | Elf:3    | Got the Directory of Reconstruction
 44581 | Elf:3    | Got the Almanac of the Disgusting Shapeshifter
 44717 | Elf:3    | Got the Handbook of Allied Reconstruction
 44724 | Elf:3    | Learned a level 2 spell: Blink
 44730 | Elf:3    | Learned a level 5 spell: Freezing Cloud
 44766 | Elf:3    | Identified the ring "Emiasaki" {rCorr Int+3 Dex+4}
 45318 | D:13     | Found a gate to the Vaults.
 46183 | D:14     | Found a portal to a secret trove of treasure.
 46491 | D:14     | Noticed Roxanne
 46499 | D:14     | Killed Roxanne
 46660 | D:14     | Noticed Rupert
 46664 | D:14     | Killed Rupert
 46724 | D:15     | Entered Level 15 of the Dungeon
 46729 | D:15     | Reached XP level 21. HP: 169/169 MP: 37/44
 47054 | D:15     | Found a transporter.
 47058 | D:15     | Found a transporter.
 47059 | D:15     | Noticed Ceh Rif's ghost (adept HuWn)
 47537 | D:15     | Found a staircase to the Depths.
 47723 | D:15     | Reached ****** piety under Sif Muna
 47857 | D:15     | Killed Ceh Rif's ghost
 47992 | Vaults:1 | Entered Level 1 of the Vaults
 48140 | Vaults:1 | Upgraded the game from 0.30-a0-723-gc1506a1cf0 to
                  | 0.30-a0-726-gd89dcf765f
 48276 | Vaults:1 | Received a gift from Sif Muna
 48279 | Vaults:1 | Got Sif Muna's Thoughts on Battling {god gift}
 49342 | Vaults:1 | Reached skill level 1 in Ice Magic
 50479 | Vaults:1 | Reached skill level 5 in Invocations
 50585 | Vaults:1 | Received a gift from Sif Muna
 50646 | Vaults:1 | Got Sif Muna's Quarto of Iniquitous Rites and the Retinue
                  | {god gift}
 51271 | Vaults:2 | Reached XP level 22. HP: 176/176 MP: 33/45
 51655 | Vaults:2 | Found Riwosec's Armour Emporium.
 51872 | Vaults:1 | Upgraded the game from 0.30-a0-726-gd89dcf765f to
                  | 0.30-a0-728-gc68057be0a
 52270 | Vaults:2 | Identified the +3 flail of Wealth {antimagic, rElec rC+}
 52903 | Vaults:3 | Reached skill level 1 in Air Magic
 53038 | Vaults:3 | Received a gift from Sif Muna
 53039 | Vaults:3 | Got Sif Muna's Vademecum on the Flashy Jinx {god gift}
 53277 | Vaults:3 | Found Bughipp's General Store.
 53283 | Vaults:3 | Bought a scroll of blinking for 120 gold pieces
 53283 | Vaults:3 | Bought a potion of mutation for 128 gold pieces
 53295 | Vaults:3 | Bought a scroll of teleportation for 48 gold pieces
 53538 | Vaults:3 | Noticed Margery
 53542 | Vaults:3 | Killed Margery
 53889 | Vaults:3 | Found a staircase to the Crypt.
 54806 | Vaults:4 | Paralysed by a great orb of eyes for 3 turns
 54830 | Vaults:4 | Found a crumbling gateway.
 54905 | Desolati | Entered the Desolation of Salt
 55223 | Desolati | Received a gift from Sif Muna
 55354 | Desolati | Got Cirphaeza's Handbook of Plutonic Summoning {god gift}
 55396 | Desolati | Got Mekhaihu's Verses on Spellbinding and the Glacier
 55963 | Desolati | Identified the amulet of Veg Fof {Reflect Rampage rF+ SH+5}
 56012 | Desolati | Identified the +4 halberd of the Amorous God {drain,
                  | Fragile rCorr Int+5}
 56012 | Desolati | Identified the ring "Negiut" {rC+ Dex+2}
 56054 | Desolati | Reached XP level 23. HP: 183/183 MP: 45/47
 56225 | Desolati | Identified the ring "Ocsuzi" {rElec rF+ Int+2 Stlth-}
 56265 | Desolati | Identified the ring "Siag Umi" {Will+ rCorr EV+5 Int+2}
 56730 | Vaults:4 | Learned a level 9 spell: Shatter
 57583 | Vaults:4 | Identified the +6 long sword of Potap {heavy, Int+3}
 57599 | Vaults:4 | Identified the ring of Daugal {Fly rElec rN+ Str+6 Int-3}
 57768 | Vaults:4 | Received a gift from Sif Muna
 57770 | Vaults:4 | Got Sif Muna's Discourse on Hot Contaminants {god gift}
 57828 | Vaults:4 | Upgraded the game from 0.30-a0-728-gc68057be0a to
                  | 0.30-a0-737-gf23d94013f
 58682 | Depths:1 | Entered Level 1 of the Depths
 58912 | Depths:1 | Noticed Bai Suzhen
 58921 | Depths:1 | Killed Bai Suzhen
 59001 | Depths:1 | Found a one-way gateway to a ziggurat.
 59337 | Depths:1 | Found a gateway to Hell.
 59674 | Depths:1 | Found a one-way gate to the infinite horrors of the Abyss.
 59852 | Depths:1 | Found a one-way gate leading to the halls of Pandemonium.
 59893 | Depths:1 | Found a white marble altar of Elyvilon.
 59915 | Depths:1 | You fall into a shaft and drop 1 floor!
 59961 | Depths:2 | Reached XP level 24. HP: 190/190 MP: 39/48
 59965 | Depths:2 | Received a gift from Sif Muna
 59976 | Depths:2 | Found a magical portal.
 59978 | Depths:2 | Got Sif Muna's Omnibus of Assaults {god gift}
 60043 | WizLab   | Entered Doroklohe's Tomb
 60430 | WizLab   | Noticed a royal mummy
 60446 | WizLab   | Killed a royal mummy
 60766 | Depths:2 | Acquired the +2 hat of the Comet {Int+3}
 60767 | Depths:2 | Acquired 1088 gold pieces
 61023 | Depths:2 | Identified the +4 kite shield of Bieptodd {Harm rN++ Str+3
                  | Int-3}
 62361 | Depths:3 | Received a gift from Sif Muna
 62362 | Depths:3 | Got Sif Muna's Directory of the Cumulonimbus {god gift}
 63549 | Depths:4 | Entered Level 4 of the Depths
 63635 | Depths:4 | Noticed Herac's ghost (veteran TeWr)
 63638 | Depths:4 | Found a runed translucent door.
 63963 | Depths:4 | Upgraded the game from 0.30-a0-737-gf23d94013f to
                  | 0.30-a0-739-gea05faddec
 64254 | Depths:4 | Found a gate to the Realm of Zot.
 64460 | Depths:4 | Killed Herac's ghost
 64737 | Vaults:5 | Entered Level 5 of the Vaults
 64739 | Vaults:5 | Received a gift from Sif Muna
 64746 | Vaults:5 | Reached XP level 25. HP: 183/198 MP: 49/49
 64759 | Vaults:5 | Noticed an ancient lich
 64765 | Vaults:5 | Killed an ancient lich
 65356 | Slime:1  | Entered Level 1 of the Pits of Slime
 65737 | Slime:4  | Gained mutation: Your body sometimes deteriorates upon
                  | taking damage. [a shining eye]
 65756 | Slime:5  | Entered Level 5 of the Pits of Slime
 65887 | Slime:5  | Received a gift from Sif Muna
 66080 | Slime:5  | Found a viscous altar of Jiyva.
 66084 | Slime:5  | Noticed the Royal Jelly
 66742 | Vaults:5 | Identified the ring "Wimiac" {Fire rElec Dex+2}
 66744 | Vaults:5 | Identified the ring of Evepter {Fire rPois Will+++ Dex+2}
 66963 | Vaults:5 | Noticed an ancient lich
 67065 | Vaults:5 | Killed an ancient lich
 67164 | Vaults:5 | Identified the +6 rapier of Malaise {antimagic, rF+} (You
                  | took it off a deep elf high priest on level 5 of the
                  | Vaults)
 67803 | Vaults:5 | Identified the +3 morningstar of Slow Death {flame, rF+
                  | rCorr}
 67871 | Vaults:5 | Got a silver rune of Zot
 67873 | Vaults:5 | Identified the +2 ring mail of the Blessed Realm {Dex+3
                  | Slay+2}
 68094 | D:14     | Bought a polished ring mail for 261 gold pieces
 68094 | D:14     | Identified the +0 ring mail of Polish {Regen+ Dex+3} (You
                  | bought it in a shop on level 14 of the Dungeon)
 68207 | Depths:1 | Voluntarily entered the Abyss.
 68211 | Abyss:1  | Found a corrupted altar of Lugonu.
 68400 | Abyss:1  | Found a corrupted altar of Lugonu.
 68581 | Abyss:3  | Received a gift from Sif Muna
 68582 | Abyss:3  | Got Sif Muna's Grimoire of Impulse and the Vector {god
                  | gift}
 68639 | Abyss:3  | Learned a level 8 spell: Lehudib's Crystal Spear
 68862 | Abyss:4  | Found an opulent altar of Gozag.
 69028 | Abyss:5  | Gained mutation: Your magical capacity is low. (-10% MP) [a
                  | shining eye]
 69031 | Abyss:5  | Reached XP level 26. HP: 168/210 MP: 17/45
 69031 | Abyss:5  | Paralysed by a floating eye for 3 turns
 69036 | Abyss:5  | Got an abyssal rune of Zot
 69037 | Abyss:5  | Paralysed by a floating eye for 2 turns
 69043 | Abyss:5  | Paralysed by a floating eye for 3 turns
 69123 | Abyss:5  | Received a gift from Sif Muna
 69307 | Abyss:5  | Paralysed by accursed screaming for 1 turns
 69310 | Abyss:5  | Paralysed by accursed screaming for 2 turns
 69314 | Abyss:5  | Paralysed by accursed screaming for 2 turns
 69359 | Depths:1 | Escaped the Abyss
 69520 | D:14     | You showed the abyssal rune of Zot to enter a treasure
                  | trove
 69521 | Trove    | Entered a treasure trove
 69528 | Trove    | Identified the +2 cloak of Jeesotec {Str+4}
 69533 | Trove    | Identified the +2 cloak of Sloth {+Inv rPois Int-4}
 69541 | Trove    | Identified the +0 chain mail "Ogiaj" {rElec rPois Dex+3}
 69933 | Slime:3  | Gained mutation: You passively dampen the noise of your
                  | surroundings. [a shining eye]
 69934 | Slime:3  | Gained mutation: Your spells are a little easier to cast,
                  | but a little less powerful. [a shining eye]
 69994 | Slime:3  | Lost mutation: Your spells are a little easier to cast, but
                  | a little less powerful. [potion of mutation]
 69994 | Slime:3  | Lost mutation: Your body sometimes deteriorates upon taking
                  | damage. [potion of mutation]
 70617 | Slime:5  | Received a gift from Sif Muna
 70933 | Slime:5  | Killed the Royal Jelly
 71196 | Slime:5  | Found the macabre finger necklace {Finger+ rN+}
 71206 | Slime:5  | Identified the +1 chain mail of Delev {rF+ rC- Regen+
                  | Dex+6}
 71264 | Slime:5  | Got a slimy rune of Zot
 71271 | Slime:5  | Identified the +2 lajatang "Asoihamu" {flame, +Blink rF+
                  | Dex-3}
 71289 | Slime:5  | Got the Omnibus of Correspondence
 71292 | Slime:5  | Identified the +3 scale mail of Reason {Int+4 Dex+4 Slay-5}
 71630 | Depths:1 | Upgraded the game from 0.30-a0-739-gea05faddec to
                  | 0.30-a0-743-gbfdf073431
 71678 | Depths:1 | Learned a level 6 spell: Death Channel
 71696 | Pan      | Entered Pandemonium
 71772 | Pan      | Noticed Kaseptaf the pandemonium lord
 71780 | Pan      | Killed Kaseptaf the pandemonium lord
 71781 | Pan      | Reached skill level 10 in Fighting
 72156 | Pan      | Received a gift from Sif Muna
 72177 | Pan      | Identified the +4 ring mail of Zanaob {rN++ Str+3 SInv}
 72261 | Pan      | Identified the +7 chain mail "Tiaxe" {+Inv Stlth+}
 73322 | Pan      | Received a gift from Sif Muna
 73689 | Pan      | Reached skill level 5 in Shields
 73692 | Pan      | Identified the +1 falchion of Crusades {heavy, rElec}
 74236 | Pan      | Reached XP level 27. HP: 206/235 MP: 2/46
 74773 | Pan      | Received a gift from Sif Muna
 74774 | Pan      | Got Sif Muna's Dissertation on Overcast Location {god gift}
 75342 | Pan      | Noticed Qoirus the pandemonium lord
 75358 | Pan      | Killed Qoirus the pandemonium lord
 75957 | Pan      | Identified the +11 spear of Wesm {flame, rC+}
 75995 | Pan      | Got a demonic rune of Zot
 76201 | Pan      | Noticed Ignacio
 76209 | Pan      | Killed Ignacio
 76272 | Pan      | Received a gift from Sif Muna
 76273 | Pan      | Got Sif Muna's Volume of Cold Evil Mysteries {god gift}
 76613 | Pan      | Gained mutation: Your body sometimes deteriorates upon
                  | taking damage. [a neqoxec]
 76754 | Pan      | Entered the realm of Gloorx Vloq.
 76754 | Pan      | Noticed Gloorx Vloq
 77267 | Pan      | Killed Gloorx Vloq
 77270 | Pan      | HP: 12/241 [poison (dark miasma)]
 77277 | Pan      | HP: 7/241 [Executioner (10)]
 77277 | Pan      | Demolished by an Executioner

Illustrated notes

Levels and vault maps discovered:
D:1:      psy_arrival_basics, layout_basic, ebering_ecumenical_altar_webs
D:2:      layout_basic, cheibrodos_gnoll_hut
D:3:      layout_basic, amcnicky_altar_gilded, nicolae_yredelemnul_corpse_copse,
          serial_curves, eino_curves_03, eino_curves_03, bh_walls_and_bars,
          uniq_jessica
D:4:      layout_gridville, mainiacjoe_overflow_divided_tiny,
          general_overflow_altar, lemuel_flame_loot_1
D:5:      layout_basic, minmay_temple_entry_large_hall, uniq_duvessa,
          uniq_grinder
D:6:      layout_loops_ring, lemuel_tele_altar,
          mainiacjoe_overflow_concentric_impassable, nicolae_shop_firing_range
D:7:      layout_loops_ring, uniq_crazy_yiuf_cottage, uniq_pikel
D:8:      kennysheep_big_flooded_room, layout_rooms
D:9:      layout_rooms, nicolae_vehumet_altar_sigil, serial_demonic,
          serial_demonic_f, serial_demonic_d, serial_demonic_c,
          serial_demonic_e, uniq_psyche
D:10:     nzn_winding_woodlands_cross [nzn_winding_woodlands_5x15_sawtooth,
          nzn_winding_woodlands_5x15_zeroes,
          nzn_winding_woodlands_5x15_split_checker,
          nzn_winding_woodlands_5x15_pool,
          nzn_winding_woodlands_15x15_boxy_spiral], layout_layer_cave,
          hellmonk_lair_entry_icy, uniq_urug
D:11:     layout_basic, erik_orc_3, xom_teletrap_fun
D:12:     gammafunk_worm_tunnel, layout_loops_ring, grunt_gozag_breadcrumbs
D:13:     layout_loops_ring, erik_vaults_2
D:14:     layout_gridville, chequers_serial_rivers_small_a, serial_shops,
          nicolae_stop_n_shop_1, nicolae_trove_entry_free_sample, uniq_roxanne,
          uniq_rupert
D:15:     grunt_enter_depths_hoard, layout_irregular_city, gammafunk_ghost_hive
Temple:   nicolae_temple_great_sept
Lair:1:   layout_hall_layers, portal_ice_cave_entry_pillars_1,
          grunt_megastairs_1, serial_bayou_shore_b
Lair:2:   layout_big_grid, nicolae_shoals_entry_roost,
          guppyfry_snake_entry_island, nicolae_quartered_pool_super,
          beast_lair_carwin_5, serial_bayou_shore_a
Lair:3:   dreamdust_labyrinth, layout_misc_corridors, lemuel_fruit_tree,
          infiniplex_staircase_pool, uniq_sonja
Lair:4:   layout_gridlike
Lair:5:   hangedman_lair_caniforms_friends, layout_regular_city, slime_entry_1,
          nicolae_volcano_entry_batcave
Shoals:1: layout_shoals
Shoals:2: layout_shoals, nicolae_shoals_arrival_archipelago, uniq_polyphemus,
          uniq_donald
Shoals:3: layout_shoals, uniq_mara
Shoals:4: shoals_end_grunt_ice, layout_shoals, ebering_ghost_rock_garden,
          serial_shops, shop_fountains, dpeg_stationary_puzzle
Snake:1:  layout_layer_cave
Snake:2:  layout_cave_town, serial_shops, nicolae_shop_waterfront, shop,
          lemuel_altar_in_water2, nicolae_elevator_lobby_plus,
          minmay_shop_grove, uniq_nikola, uniq_frances
Snake:3:  cheibrodos_toxic_ritual, layout_layer_cave
Snake:4:  grunt_snake_rune_pools, layout_chambers, basic_altar, uniq_aizul
Slime:1:  layout_caves, special_room [special_room_jelly], basic_altar,
          cheibrodos_slime_lost_civilization_5
Slime:2:  layout_caves, cheibrodos_slime_lost_civilization_7
Slime:3:  cheibrodos_slime_lost_civilization_9, layout_caves
Slime:4:  layout_caves, nicolae_slime_rock_hall_of_fame
Slime:5
Orc:1:    layout_diamond_mine
Orc:2:    st_orc_elflike, layout_diamond_mine
Elf:1:    elf_arrival_002, layout_geoelf_diagonals, serial_shops,
          bzr_entry_road, minmay_elf_demonology, serial_nicolae_subway,
          nicolae_sub_station_metal, nicolae_sub_station_stone,
          nicolae_sub_station_crystal
Elf:2:    nicolae_elf_blades_splatter_lattice
          [nicolae_blade_entry_area_security], layout_geoelf_octagon,
          amcnicky_mini_corridor_feature, uniq_saint_roka
Elf:3:    grunt_elf_hall_spiral, layout_geoelf_diagonals, serial_shops,
          nicolae_shop_waterfront, nicolae_specific_store,
          kilobyte_mutagenic_chamber
Vaults:1: hangedman_vaults_river_flow, hangedman_vaults_stretched_pinwheel,
          nicolae_vaults_circle_grid_a, nicolae_vaults_alarming,
          hangedman_vaults_cutoff, nicolae_vaults_little_squares_6,
          vaults_room_door_hall, vaults_room_pools, vaults_room_pools,
          hangedman_vaults_restitches, layout_vaults_omnigrid
Vaults:2: ontoclasm_vaults_pinch, ontoclasm_vaults_twist, v_rooms_3, v_misc_27,
          hangedman_vaults_maws, v_alt_pattern_5,
          nicolae_vaults_little_squares_5, nicolae_vaults_network_periphery,
          nicolae_vaults_circle_grid_a, vaults_dpeg_encased_lava,
          nicolae_vaults_ring_of_whatevers, layout_vaults_omnibox, serial_shops,
          nicolae_shop_behind_doors
Vaults:3: hangedman_vaults_restitches, nicolae_vaults_windows_and_doors_thing,
          minmay_crypt_entry_simple_plaza, v_misc_13, serial_ice_b, v_misc_2,
          vaults_standard_mumra_lines, v_misc_19, st_more_cells,
          hangedman_vaults_pinch, vaults_mumra_chevron, vaults_room_corners,
          layout_vaults_omnicross, serial_shops,
          nicolae_shop_temple_entry_statues_fountains, uniq_margery
Vaults:4: portal_desolation_entry_garden, grunt_vaults_funneled_arena,
          vaults_room_octagon, ontoclasm_vaults_ring_small, vaults_dpeg_doors,
          nicolae_vaults_little_squares_1, nicolae_vaults_theta,
          vaults_mumra_hexcomb, v_misc_29, vaults_room_corners,
          vaults_room_fours, v_rooms_6, v_alt_pattern_3, vaults_dpeg_spiral,
          nicolae_vaults_specimen_jars, layout_vaults_maze_snakey
Vaults:5
Depths:1: layout_cave_shapes, enter_ziggurat_a, hellmouth_3,
          abyss_entry_small_statue_room, minmay_misc_feat_more_columns,
          grunt_pan_entry_spiral, minmay_misc_feat_four_crosses, st_stairs_12,
          elyvilon_altar_4, uniq_bai_suzhen
Depths:2: cheibrodos_tormentor_scu, layout_cave_shapes, grunt_decor_junction,
          rand_demon_pan_entry_8, mu_enter_wizlab_4, abyss_entry,
          lightli_too_deep, infiniplex_staircase_split_hallway
Depths:3: kennysheep_ogre_elephant_herders, layout_small_grid,
          grunt_hell_entry_dis_grunt, abyss_entry, nrook_mini_vaults
Depths:4: evilmike_zot_entry_basic, layout_gridlike, hell_entry,
          roderic_lattice_octagonal_star, hellmonk_ghost_happy_afterlife,
          chequers_serial_rivers_micro_d
Pan:      evilmike_mini_pan_possible_glass, layout_chambers,
          evilmike_mini_pan_doors_b, layout_irregular_city,
          nicolae_pan_lom_lobonic_2, nicolae_pan_diamonds,
          layout_pan_divisions_a [pan_division_quadrant_a4,
          pan_division_quadrant_a3, pan_division_quadrant_a4,
          pan_division_quadrant_a6, pan_division_octagon_box],
          lemuel_hall_of_pain, layout_rooms, uniq_ignacio,
          evilmike_gloorx_vloq_box, layout_irregular_city,
          pan_blood_fountain_small

Skill      XL: |  1  2  3  4  5  6  7  8  9 10 11 12 13 14 15 16 17 18 19 20 21 22 23 24 25 26 27 |
---------------+----------------------------------------------------------------------------------+-----
Earth Magic    | 4 5 6 7 8 9 11 13 14 15 16 17 18 19 20 21 22 23 24 25 | 25.0
Conjurations   | 1 2 3 4 5 7 9 10 12 13 14 15 16 17 18 19 20 21 22 23 | 23.7
Spellcasting   | 3 4 5 6 8 9 10 11 12 13 14 15 16 18 19 20 21 22 23 24 25 | 25.0
Dodging        | 2 3 4 5 6 7 8 |  8.0
Fighting       | 1 2 3 4 5 6 7 12 13 | 13.5
Armour         | 1 3 5 6 7 8 9 |  9.5
Evocations     | 1 |  1.9
Necromancy     | 2 3 4 5 6 7 |  7.3
Invocations    | 2 6 7 |  7.0
Shields        | 1 2 3 4 5 |  5.7
Ice Magic      | 1 2 3 |  3.0
Air Magic      | 1 2 |  2.9
Transmutations | 2 |  2.2
Polearms       | |  0.8
Throwing       | |  0.6
Stealth        | |  3.0
Translocations | |  0.2

Action                     |  1- 3 |  4- 6 |  7- 9 | 10-12 | 13-15 | 16-18 | 19-21 | 22-24 | 25-27 || total
---------------------------+-------+-------+-------+-------+-------+-------+-------+-------+-------++-------
  Melee: Hand axe          |    14 |    11 |       |       |       |       |       |       |       ||    25
         Flail             |       |     1 |       |       |       |       |       |       |       ||     1
         Dagger            |       |       |    37 |       |       |       |       |       |       ||    37
         Spear             |       |       |    11 |       |       |       |       |       |       ||    11
         Whip              |       |       |       |    45 |       |       |       |       |       ||    45
         Punch             |       |       |       |     3 |     3 |       |       |       |       ||     6
         Staff             |       |       |       |       |    55 |    55 |    28 |    22 |    92 ||   252
         Constrict         |       |       |       |       |    17 |    13 |     7 |    11 |    23 ||    71
         War axe           |       |       |       |       |     8 |       |       |       |       ||     8
         Double sword      |       |       |       |       |       |       |       |       |    21 ||    21
  Throw: Dart              |       |       |     1 |     3 |     2 |     1 |       |       |       ||     7
   Cast: Sandblast         |    36 |    61 |    79 |    39 |    19 |       |       |     3 |       ||   237
         Stone Arrow       |       |       |    33 |   231 |   625 |   457 |   464 |   371 |   419 ||  2600
         Lee's Rapid Decon |       |       |       |    28 |    16 |     4 |    57 |    20 |    37 ||   162
         Passwall          |       |       |       |       |     7 |       |       |       |       ||     7
         Borgnjor's Vile C |       |       |       |       |    39 |    42 |    56 |    24 |    18 ||   179
         Iron Shot         |       |       |       |       |    21 |   170 |   204 |   459 |   449 ||  1303
         Hailstorm         |       |       |       |       |     3 |     4 |     9 |       |       ||    16
         Iskenderun's Batt |       |       |       |       |       |    41 |   168 |   183 |   154 ||   546
         Freezing Cloud    |       |       |       |       |       |       |    16 |    49 |    24 ||    89
         Statue Form       |       |       |       |       |       |       |     2 |     1 |     8 ||    11
         Blink             |       |       |       |       |       |       |     1 |       |       ||     1
         Shatter           |       |       |       |       |       |       |       |     2 |    18 ||    20
         Lehudib's Crystal |       |       |       |       |       |       |       |       |    15 ||    15
         Death Channel     |       |       |       |       |       |       |       |       |     5 ||     5
 Invoke: Channel Magic     |       |       |       |       |     2 |     1 |     2 |     9 |    18 ||    32
Ability: Spit Poison       |    22 |    16 |    13 |    15 |    29 |     3 |     1 |       |       ||    99
  Evoke: Wand              |       |       |       |     4 |     8 |       |     5 |       |     2 ||    19
    Use: Scroll            |       |       |       |    21 |    12 |     2 |     5 |    16 |    20 ||    76
         Potion            |       |       |       |       |     4 |     2 |     4 |     2 |    10 ||    22
   Stab: Sleeping          |       |       |     1 |       |       |       |       |       |       ||     1
         Paralysed         |       |       |       |     1 |     5 |       |       |       |       ||     6
         Distracted        |       |       |       |       |       |       |       |       |     1 ||     1
 Armour: Robe              |    10 |     4 |    36 |    34 |       |       |       |       |       ||    84
         Ring mail         |       |       |       |    53 |   397 |   222 |   149 |   140 |   358 ||  1319
         Leather armour    |       |       |       |       |       |       |    23 |       |       ||    23
         Skin              |       |       |       |       |       |       |     9 |     6 |    35 ||    50
  Dodge: Dodged            |    11 |    20 |    48 |   103 |   198 |   172 |   139 |   157 |   270 ||  1118
  Block: Other             |       |       |       |    14 |    28 |       |       |       |       ||    42
         Reflection        |       |       |       |     5 |       |       |       |       |       ||     5
         Kite shield       |       |       |       |       |       |    73 |   111 |   154 |   256 ||   594

Table legend: (Time is in decaauts)
 A = Elapsed time spent in this place.
 B = Non-inter-level travel time spent in this place.
 C = Inter-level travel time spent in this place.
 D = Time resting spent in this place.
 E = Time spent auto-exploring this place.
 F = Levels seen in this place.
 G = Mean time per level.
                   A        B        C        D        E       F      G
               +--------+--------+--------+--------+--------+-----+--------+
         Total |  93725 |  88224 |   5501 |  24118 |  26312 |  64 | 1464.5 |
       Dungeon |  25839 |  23473 |   2366 |   5171 |  12159 |  15 | 1722.6 |
        Temple |    140 |    140 |      0 |      0 |     84 |   1 |  140.0 |
          Lair |   8573 |   7631 |    942 |   1776 |   2786 |   5 | 1714.6 |
        Shoals |   5633 |   5542 |     91 |   2325 |      0 |   4 | 1408.2 |
     Snake Pit |  10191 |   9955 |    236 |   3057 |   2042 |   4 | 2547.8 |
    Slime Pits |   2802 |   2652 |    150 |    952 |      0 |   5 |  560.4 |
  Orcish Mines |   3299 |   2979 |    320 |    927 |    489 |   2 | 1649.5 |
   Elven Halls |   5760 |   5577 |    183 |   1340 |    755 |   3 | 1920.0 |
        Vaults |  13120 |  12329 |    791 |   3642 |   3337 |   5 | 2624.0 |
        Depths |   6640 |   6222 |    418 |   1094 |   3340 |   4 | 1660.0 |
         Abyss |   1371 |   1371 |      0 |    437 |      0 |   5 |  274.2 |
   Pandemonium |   6380 |   6380 |      0 |   2491 |   1183 |   5 | 1276.0 |
        Bazaar |     93 |     93 |      0 |      0 |      0 |   1 |   93.0 |
         Trove |     63 |     63 |      0 |      0 |      0 |   1 |   63.0 |
      Ice Cave |    388 |    388 |      0 |    189 |      0 |   1 |  388.0 |
       Volcano |    349 |    349 |      0 |     63 |     56 |   1 |  349.0 |
        Wizlab |    908 |    908 |      0 |    174 |      0 |   1 |  908.0 |
    Desolation |   2170 |   2170 |      0 |    475 |     78 |   1 | 2170.0 |
               +--------+--------+--------+--------+--------+-----+--------+

Top non-repeatable levels by time:
    D:10: 4521 daAuts
Vaults:4: 3469 daAuts
Vaults:1: 3271 daAuts
 Snake:4: 3134 daAuts
    D:12: 2744 daAuts
 Snake:2: 2644 daAuts
Vaults:2: 2499 daAuts
 Snake:1: 2487 daAuts
Vaults:3: 2430 daAuts
   Orc:2: 2393 daAuts
Desolation: 2170 daAuts
  Lair:5: 2119 daAuts
   Elf:3: 2118 daAuts
Depths:1: 2106 daAuts
   Elf:2: 2090 daAuts
